 Dungeon Crawl Stone Soup version 0.20-a0-421-gf6b327c (webtiles) character file.

10443 Gorice the Fighter (level 11, -12/111 HPs)
             Began as a Minotaur Necromancer on Dec 31, 2016.
             Was a Believer of the Shining One.
             Mangled by a two-headed ogre
             ... wielding a +0 giant spiked club
              (13 damage)
             ... on level 9 of the Dungeon.
             The game lasted 00:57:54 (10812 turns).

Gorice the Fighter (Minotaur Necromancer)          Turns: 10812, Time: 00:57:55

Health: -12/111    AC: 23    Str: 18    XL:     11   Next: 36%
Magic:  4/4        EV:  7    Int: 16    God:    the Shining One [**....]
Gold:   698        SH:  0    Dex: 12    Spells: 11/12 levels left

rFire  . . .     SeeInvis .     a - +3 long sword "Vocicvy" {antimagic, Int+4 Stlth+}
rCold  . . .     Gourm    .     n - +0 plate armour
rNeg   + . .     Faith    .     (no shield)
rPois  +         Spirit   .     C - +2 hat
rElec  .         Reflect  .     (no cloak)
rCorr  .         Harm     .     R - +1 pair of gloves
MR     +....                    (no boots)
Stlth  ..........               (no amulet)
                                Y - ring of poison resistance
                                m - +3 ring of strength (curse)

@: glowing
A: retaliatory headbutt, horns 2, thin metallic scales 1, magic resistance 1
a: Divine Shield, Renounce Religion


You were on level 9 of the Dungeon.
You worshipped the Shining One.
The Shining One was pleased with you.
You were not hungry.

You visited 2 branches of the dungeon, and saw 10 of its levels.
You also visited: Sewer and Bailey.

You collected 698 gold pieces.

Inventory:

Hand Weapons
 a - the +3 long sword "Vocicvy" (weapon) {antimagic, Int+4 Stlth+}
   (You found it on level 4 of the Dungeon)

   It reduces the magical energy of the wielder, and disrupts the spells and
   magical abilities of those hit.
   Natural abilities and divine invocations are not affected.
   It affects your intelligence (+4).
   It makes you more stealthy.
 b - a +1 hunting sling
 D - a +2 broad axe of chopping
   (You acquired it on level 7 of the Dungeon)
Missiles
 k - 8 javelins (quivered)
 o - 61 sling bullets
 s - 6 tomahawks
 t - 48 bolts
Armour
 n - a +0 plate armour (worn)
 q - a +1 ring mail of fire resistance
   (You found it on level 2 of the Dungeon)
 C - a +2 hat (worn)
 R - a +1 pair of gloves (worn)
 V - +0 steam dragon scales
Magical Staves
 P - an uncursed staff of air
 S - an uncursed staff of energy
Jewellery
 m - a cursed +3 ring of strength (left hand)
 Y - a ring of poison resistance (right hand)
Wands
 p - a wand of confusion (18/48)
 I - a wand of digging (24/24)
 J - a wand of polymorph (7/24)
 K - a wand of lightning (2/15)
 T - a wand of scattershot (0/9)
 X - a wand of polymorph (13/24)
Scrolls
 h - 6 scrolls of remove curse
 x - 3 scrolls of fog
 y - a scroll of fear {!r}
 z - 5 scrolls of teleportation {!r}
 B - 5 scrolls of silence {!r}
 M - 2 scrolls of enchant armour
 O - a scroll of blinking
 U - 2 scrolls of enchant weapon
 W - a scroll of amnesia
Potions
 e - a potion of curing {unknown}
 f - 2 potions of haste {!q}
 g - a potion of cure mutation {!q}
 r - a potion of resistance {!q}
 v - 2 potions of flight
 w - 2 potions of brilliance {!q}
 A - 2 potions of invisibility {!q}
 F - 2 potions of mutation {!q}
 G - a potion of ambrosia
 H - 2 potions of magic {!q}
 L - 2 potions of cancellation {!q}
 N - a potion of might {unknown}
Books
 E - a book of Necromancy
 Q - a book of Maledictions
Miscellaneous
 Z - a lamp of fire
Comestibles
 c - 7 bread rations {!e}
 d - 2 slices of pizza
 i - 10 chunks of flesh
 j - 3 meat rations {!e}
 l - 6 fruits
 u - 5 beef jerkies


   Skills:
 + Level 14.6 Fighting
 + Level 14.1 Armour
 - Level 2.2 Dodging
 - Level 1.6 Stealth
 - Level 1.3 Spellcasting
 - Level 3.0 Necromancy


You had 11 spell levels left.
You knew the following spells:

 Your Spells              Type           Power        Failure   Level  Hunger
a - Pain                  Necr           ##..         92%         1    ##.....


Dungeon Overview and Level Annotations

Branches:
Dungeon (9/15)             Temple (1/1) D:5
   Lair: D:8-11         Orc: D:9-12

Altars:
Ashenzari
Cheibriados
Dithmenos
Elyvilon
Fedhas
Gozag
Hepliaklqana
Kikubaaqudgha
Makhleb
Nemelex Xobeh
Okawaru
Qazlal
Ru
Sif Muna
Trog
Uskayaw
Vehumet
Xom
Yredelemnul
Zin
The Shining One


Innate Abilities, Weirdness & Mutations

You reflexively headbutt those who attack you in melee.
You have a pair of horns on your head.
You are partially covered in thin metallic scales. (AC +2)
You are resistant to hostile enchantments. (MR+)


Message History

Press: ? - help, Shift-Dir - straight line, f/p - two-headed ogre
Aim: a two-headed ogre, wielding two giant spiked clubs (haloed)
You throw a javelin. The javelin hits the two-headed ogre!
The two-headed ogre is moderately wounded.
The two-headed ogre hits you with a giant spiked club!!
The two-headed ogre barely misses you.
Damage: 25 (max 25)
You hit the two-headed ogre.
Your headbutt misses the two-headed ogre.
The two-headed ogre is moderately wounded.
The two-headed ogre hits you with a giant spiked club.
The two-headed ogre hits you with a giant spiked club!
Damage: 15 (max 25)
You slash the two-headed ogre!
The two-headed ogre is heavily wounded.
The two-headed ogre closely misses you.
The two-headed ogre hits you but does no damage.
You slash the two-headed ogre!
The two-headed ogre is heavily wounded.
The two-headed ogre hits you with a giant spiked club!
* * * LOW HITPOINT WARNING * * *
The two-headed ogre barely misses you.
Damage: 9 (max 25)
You slash the two-headed ogre!
The two-headed ogre is severely wounded.
The two-headed ogre hits you with a giant spiked club!!
* * * LOW HITPOINT WARNING * * *
The two-headed ogre hits you with a giant spiked club.
* * * LOW HITPOINT WARNING * * *
Damage: 23 (max 25) Evoke which item? (* to show all) (? for menu, Esc to quit)
Aiming: Confuse (will waste charges)
Press: ? - help, Shift-Dir - straight line, f/p - two-headed ogre
Aim: a two-headed ogre, wielding two giant spiked clubs (severely wounded, haloed, chance to defeat MR: 28%)
The two-headed ogre easily resists.
Evoking this partially-identified wand wasted a few charges.
You hit the two-headed ogre.
Your headbutt misses the two-headed ogre.
The two-headed ogre is severely wounded.
The two-headed ogre hits you with a giant spiked club!!
* * * LOW HITPOINT WARNING * * *
The two-headed ogre hits you with a giant spiked club!
* * * LOW HITPOINT WARNING * * *
Damage: 31 (max 31)
The two-headed ogre completely misses you.
You riposte.
You slash the two-headed ogre!
Your headbutt misses the two-headed ogre.
The two-headed ogre is almost dead.
The two-headed ogre hits you with a giant spiked club!
You die...

.................<.#
................>.?#
...................#
#################..#
#..# #..# #..#
#################..#
(..((..........O@..#
...................#
#################..#
#.)# #..# #..# #..#
#..# #..#


You could see a two-headed ogre.

Vanquished Creatures
  The ghost of siimphh the Basher, a novice MiFi of Okawaru (Bailey)
  A deep elf archer (Bailey)
  Pikel (D:8)
  9 deep elf magi (Bailey)
  A troll (D:9)
  Grinder (D:6)
  Sigmund (D:6)
  6 yaks (D:9)
  A wyvern (D:8)
  A steam dragon (D:9)
  Grum (D:8)
  Duvessa (D:6)
  An orc warrior (D:8)
  5 ice beasts
  A phantom (D:6)
  An eye of draining (D:9)
  A slave (D:8)
  4 wolves (D:8)
  6 ogres
  A crocodile (D:8)
  Blork the orc (D:6)
  4 scorpions
  A water moccasin skeleton (D:5)
  Dowan (D:6)
  6 killer bees (D:7)
  2 howler monkeys
  An electric eel (D:6)
  2 bullfrog zombies
  6 crimson imps
  A centaur zombie (D:7)
  3 hounds
  4 orc wizards
  2 orc priests
  A bullfrog skeleton (D:7)
  3 iguanas
  2 worker ants
  A hound skeleton (D:5)
  9 adders
  A howler monkey skeleton (D:5)
  2 shadow imps
  4 oozes (Sewer)
  2 adder skeletons
  An adder zombie (D:6)
  7 worms
  4 dart slugs
  11 leopard geckos
  15 orcs
  12 bats
  10 giant cockroaches
  5 goblins
  5 hobgoblins
  7 jackals
  7 quokkas
  A ball python (Sewer)
  6 frilled lizards
  A jackal skeleton (D:4)
  4 kobolds
  A leopard gecko skeleton (D:4)
  5 rats
206 creatures vanquished.

Vanquished Creatures (others)
  A howler monkey skeleton (D:8)
  A quokka (D:8)
2 creatures vanquished.

Grand Total: 208 creatures vanquished

Notes
Turn   | Place    | Note
-------+----------+-------------------------------------------
     0 | D:1      | Gorice the Minotaur Necromancer began the quest for the Orb.
     0 | D:1      | Reached XP level 1. HP: 14/14 MP: 1/1
    35 | D:1      | Reached skill level 3 in Necromancy
   267 | D:1      | Reached skill level 1 in Fighting
   349 | D:1      | Reached XP level 2. HP: 22/23 MP: 0/3
   664 | D:1      | Reached skill level 2 in Fighting
  1053 | D:2      | Reached skill level 3 in Fighting
  1053 | D:2      | Reached XP level 3. HP: 24/31 MP: 0/4
  1682 | D:3      | Found a stormy altar of Qazlal.
  1682 | D:3      | Found a deep blue altar of Sif Muna.
  1705 | D:3      | Found a faded altar of an unknown god.
  1752 | D:3      | Reached skill level 1 in Armour
  1770 | D:3      | Reached XP level 4. HP: 15/40 MP: 0/5
  1885 | D:3      | Found a glowing drain.
  1900 | Sewer    | Entered a sewer
  1907 | Sewer    | Reached skill level 4 in Fighting
  2412 | Sewer    | Reached skill level 2 in Armour
  2909 | D:3      | Reached XP level 5. HP: 42/47 MP: 6/6
  3310 | D:4      | Reached skill level 3 in Armour
  3373 | D:4      | Got a bloodstained long sword
  3374 | D:4      | Identified the +3 long sword "Vocicvy" {antimagic, Int+4 Stlth+} (You found it on level 4 of the Dungeon)
  3417 | D:4      | Noticed an ogre
  3436 | D:4      | HP: 5/47 [ogre/giant club (21)]
  3438 | D:4      | Killed an ogre
  3438 | D:4      | Reached skill level 5 in Fighting
  3589 | D:4      | Reached skill level 4 in Armour
  3607 | D:4      | Reached XP level 6. HP: 56/56 MP: 2/7
  3962 | D:4      | Reached skill level 6 in Fighting
  3986 | D:4      | Reached skill level 5 in Armour
  4098 | D:4      | Found an opulent altar of Gozag.
  4281 | D:4      | Reached XP level 7. HP: 64/64 MP: 2/8
  4528 | D:5      | Entered Level 5 of the Dungeon
  4614 | D:5      | Found a glowing golden altar of the Shining One.
  4709 | D:5      | Reached skill level 7 in Fighting
  4800 | D:5      | Found a staircase to the Ecumenical Temple.
  4807 | Temple   | Entered the Ecumenical Temple
  4927 | D:5      | Reached skill level 6 in Armour
  5376 | D:5      | Became a worshipper of the Shining One
  5475 | D:6      | Reached skill level 8 in Fighting
  5554 | D:6      | Reached skill level 7 in Armour
  5554 | D:6      | Reached XP level 8. HP: 64/74 MP: 3/9
  5986 | D:6      | Reached skill level 9 in Fighting
  5986 | D:6      | Reached skill level 8 in Armour
  6051 | D:6      | Noticed Dowan
  6052 | D:6      | Noticed Duvessa
  6052 | D:6      | Noticed Blork the orc
  6106 | D:6      | Killed Blork the orc
  6110 | D:6      | Killed Dowan
  6223 | D:6      | Noticed Sigmund
  6233 | D:6      | Killed Sigmund
  6297 | D:6      | Killed Duvessa
  6297 | D:6      | Reached skill level 9 in Armour
  6430 | D:6      | Found a radiant altar of Vehumet.
  6491 | D:6      | Found a shadowy altar of Dithmenos.
  6574 | D:6      | Found a bloodstained altar of Trog.
  6575 | D:6      | Noticed Grinder
  6695 | D:6      | Killed Grinder
  6695 | D:6      | Reached skill level 10 in Fighting
  6840 | D:7      | Found a burning altar of Makhleb.
  6892 | D:6      | Reached XP level 9. HP: 85/85 MP: 3/10
  6897 | D:7      | Reached * piety under the Shining One
  6977 | D:7      | Found a shimmering altar of Xom.
  7044 | D:7      | Found a shattered altar of Ashenzari.
  7110 | D:7      | Reached skill level 10 in Armour
  7252 | D:7      | Gained mutation: You are resistant to hostile enchantments. (MR+) [potion of beneficial mutation]
  7253 | D:7      | Gained mutation: You are partially covered in thin metallic scales. (AC +2) [potion of beneficial mutation]
  7488 | D:7      | Reached skill level 11 in Fighting
  7613 | D:7      | Identified a scroll of acquirement
  7770 | D:8      | Found a flagged portal.
  7777 | D:8      | Got a steaming spear
  7779 | D:8      | Identified the +10 spear of Hatred {drain, rPois rN+ Dex+4} (You found it on level 8 of the Dungeon)
  7798 | D:8      | --Damn! That'll teach me!
  7801 | Bailey   | Entered a bailey
  7808 | Bailey   | Noticed a deep elf mage
  7822 | Bailey   | Killed a deep elf mage
  8049 | Bailey   | Noticed a deep elf mage
  8051 | Bailey   | Noticed a deep elf mage
  8051 | Bailey   | Noticed a deep elf mage
  8054 | Bailey   | Killed a deep elf mage
  8054 | Bailey   | Reached skill level 11 in Armour
  8065 | Bailey   | Killed a deep elf mage
  8065 | Bailey   | Reached skill level 12 in Fighting
  8065 | Bailey   | Reached XP level 10. HP: 76/97 MP: 3/11
  8066 | Bailey   | Noticed a deep elf mage
  8078 | Bailey   | Killed a deep elf mage
  8079 | Bailey   | Noticed a deep elf mage
  8083 | Bailey   | Killed a deep elf mage
  8083 | Bailey   | Reached skill level 12 in Armour
  8084 | Bailey   | Noticed a deep elf mage
  8088 | Bailey   | Killed a deep elf mage
  8092 | Bailey   | Noticed siimphh's ghost (novice MiFi)
  8100 | Bailey   | HP: 30/100 [siimphh's ghost (9)]
  8107 | Bailey   | HP: 17/100 [deep elf mage/short sword of protection (2)]
  8111 | Bailey   | Killed a deep elf mage
  8111 | Bailey   | Reached skill level 13 in Fighting
  8113 | Bailey   | HP: 10/101 [siimphh's ghost (1)]
  8121 | Bailey   | Noticed a deep elf archer
  8153 | Bailey   | HP: 24/101 [deep elf archer (12)]
  8154 | Bailey   | Killed a deep elf archer
  8177 | Bailey   | Noticed a deep elf mage
  8179 | Bailey   | Killed a deep elf mage
  8489 | Bailey   | Noticed a deep elf mage
  8498 | Bailey   | Killed a deep elf mage
  8498 | Bailey   | Reached skill level 13 in Armour
  8623 | Bailey   | Killed siimphh's ghost
  9114 | D:8      | Reached XP level 11. HP: 108/108 MP: 4/12
  9157 | D:8      | Reached ** piety under the Shining One
  9837 | D:9      | Found a snail-covered altar of Cheibriados.
  9837 | D:9      | Found a basalt altar of Yredelemnul.
  9837 | D:9      | Found a hazy altar of Hepliaklqana.
  9837 | D:9      | Found an iron altar of Okawaru.
  9837 | D:9      | Noticed Pikel
  9858 | D:8      | Killed Pikel
  9858 | D:8      | Reached skill level 14 in Fighting
 10101 | D:9      | Noticed Grum
 10275 | D:8      | Killed Grum
 10710 | D:9      | Reached skill level 14 in Armour
 10792 | D:9      | Noticed a two-headed ogre
 10800 | D:9      | HP: 29/111 [two-headed ogre/giant spiked club (5)]
 10811 | D:9      | HP: 10/111 [two-headed ogre/giant spiked club (22)]
 10811 | D:9      | HP: 1/111 [two-headed ogre/giant spiked club (9)]
 10812 | D:9      | Mangled by a two-headed ogre

Vault maps used:
D:1:      lightli_arrival_windingriver
D:3:      gammafunk_temple_overflow_pools, chequers_ecumenical_altar_island,
          portal_sewer_entry_f, dk_noncrumbling_4
D:4:      lemuel_round_altar
D:5:      basic_altar, first_bread, serial_curves, eino_curves_02,
          eino_curves_02
D:6:      marbit_many_paths, lightli_temple_of_fire, serial_bayou_ford_a,
          grunt_dithmenos_smoke, uniq_duvessa, uniq_sigmund, uniq_grinder,
          uniq_blork_the_orc
D:7:      grunt_temple_overflow_champion_of_chaos, ashenzari_altar_1,
          wad_mini_maze
D:8:      enter_bailey_2, lemuel_flame_loot_1
D:9:      grunt_temple_overflow_open, uniq_pikel, uniq_grum
Temple:   jpeg_temple_island
Sewer:    sewer_fruit_machine
Bailey:   bailey_polearm_3, bailey

Skill      XL: |  1  2  3  4  5  6  7  8  9 10 11 |
---------------+----------------------------------+-----
Necromancy     | 3 |  3.0
Fighting       | 1 3 4 5 6 8 10 12 13 14 | 14.6
Armour         | 1 2 4 5 7 9 11 13 14 | 14.1
Dodging        | |  2.2
Stealth        | |  1.6
Spellcasting   | |  1.3

Action                   |  1- 3 |  4- 6 |  7- 9 | 10-12 || total
-------------------------+-------+-------+-------+-------++-------
Melee: Unarmed           |    18 |       |       |       ||    18
       Headbutt          |     8 |    22 |    42 |    39 ||   111
       Spear             |    29 |   115 |       |       ||   144
       Long sword        |       |    23 |   203 |   210 ||   436
 Fire: Hunting sling     |       |    54 |    75 |    15 ||   144
Throw: Stone             |     6 |    14 |       |       ||    20
       Javelin           |       |       |     5 |     9 ||    14
 Cast: Pain              |    45 |     6 |       |       ||    51
Evoke: Wand              |       |       |     2 |     5 ||     7
  Use: Scroll            |     7 |     7 |    11 |     8 ||    33
       Potion            |       |     2 |     3 |     2 ||     7
  Eat: Chunk             |     4 |     9 |     9 |     8 ||    30
       Royal jelly       |       |       |     1 |       ||     1
       Pizza             |       |       |     1 |     1 ||     2
Armor: Robe              |     1 |       |       |       ||     1
       Ring mail         |    11 |    38 |       |       ||    49
       Plate armour      |       |     6 |   197 |   209 ||   412
Dodge: Dodged            |    27 |    85 |    89 |   118 ||   319
       Rpst.: Long sword |       |     8 |    19 |    29 ||    56

Table legend:
 A = Turns spent in this place as a percentage of turns spent in the entire game.
 B = Non-inter-level travel turns spent in this place as a percentage of non-inter-level travel turns spent in the entire game.
 C = Inter-level travel turns spent in this place as a percentage of turns spent in this place.
 D = Turns resting spent in this place as a percentage of non-inter-level travel turns spent in this place.
 E = Turns spent auto-exploring this place as a percentage of non-inter-level travel turns spent in this place.
 F = Non-inter-level travel turns spent in this place divided by the number of levels of this place that you've seen.
                   A       B       C       D       E      F
               +-------+-------+-------+-------+-------+----------------------
         Total | 100.0 | 100.0 |   0.3 |   2.9 |   4.9 | 300.2
       Dungeon |  82.3 |  82.3 |   0.4 |   2.5 |   5.6 | 329.2
        Temple |   0.3 |   0.3 |   8.3 |   0.0 |   9.1 |  11.0
         Sewer |   9.5 |   9.5 |   0.0 |   1.5 |   2.0 | 343.0
        Bailey |   7.9 |   7.9 |   0.0 |   9.1 |   0.7 | 285.0
               +-------+-------+-------+-------+-------+----------------------

Vault maps used:
D:1:      lightli_arrival_windingriver
D:3:      gammafunk_temple_overflow_pools, chequers_ecumenical_altar_island,
          portal_sewer_entry_f, dk_noncrumbling_4
D:4:      lemuel_round_altar
D:5:      basic_altar, first_bread, serial_curves, eino_curves_02,
          eino_curves_02
D:6:      marbit_many_paths, lightli_temple_of_fire, serial_bayou_ford_a,
          grunt_dithmenos_smoke, uniq_duvessa, uniq_sigmund, uniq_grinder,
          uniq_blork_the_orc
D:7:      grunt_temple_overflow_champion_of_chaos, ashenzari_altar_1,
          wad_mini_maze
D:8:      enter_bailey_2, lemuel_flame_loot_1
D:9:      grunt_temple_overflow_open, uniq_pikel, uniq_grum
Temple:   jpeg_temple_island
Sewer:    sewer_fruit_machine
Bailey:   bailey_polearm_3, bailey
